TOP OF THE 1ST |
Springfield Simpsons batting - Pitching for Mt Pleasant Bearcats : RHP Lewis Sweeney
|
Pitching: RHP Lewis Sweeney
|
|
Batting: RHB Bob Carr
|
0-0: SINGLE (Line Drive, 78M)
|
Batting: LHB Bruce Foster
|
0-0: Swinging Strike Bob Carr is caught stealing 2nd base 0-1: Fly out, F5 (Line Drive, 5)
|
Batting: RHB Marcos Castillo
|
0-0: Ground out 4-3 (Groundball, 4)
|
Top of the 1st over - 0 run(s), 1 hit(s), 0 error(s), 0 left on base; Springfield 0 - Mt Pleasant 0 |
BOTTOM OF THE 1ST |
Mt Pleasant Bearcats batting - Pitching for Springfield Simpsons : RHP Paul Clark
|
Pitching: RHP Paul Clark
|
|
Batting: RHB Ben Barker
|
0-0: Ball 1-0: Ground out 4-3 (Groundball, 4)
|
Batting: RHB Carlos López
|
0-0: Ball 1-0: Ball 2-0: Ground out 5-3 (Groundball, 56S)
|
Batting: RHB Pat Fernández
|
0-0: Foul Ball, location: 2F 0-1: Ball 1-1: Foul Ball, location: 2F 1-2: Strikes out looking
|
Bottom of the 1st over - 0 run(s), 0 hit(s), 0 error(s), 0 left on base; Springfield 0 - Mt Pleasant 0 |
TOP OF THE 2ND |
Springfield Simpsons batting - Pitching for Mt Pleasant Bearcats : RHP Lewis Sweeney
|
Batting: LHB Mitchell Oglethorpe
|
0-0: Ball 1-0: Foul Ball, location: 2F 1-1: Called Strike 1-2: Fly out, F7 (Flyball, 7LS)
|
Batting: RHB José Velázquez
|
0-0: Fly out, F7 (Line Drive, 7)
|
Batting: RHB Gustavo Rodríguez
|
0-0: Foul Ball, location: 2F 0-1: Hit by Pitch
|
Batting: RHB Taylor Justice
|
0-0: Ball 1-0: Called Strike 1-1: Foul Ball, location: 2F 1-2: Ball 2-2: Fly out, F5 (Popup, 5L)
|
Top of the 2nd over - 0 run(s), 0 hit(s), 0 error(s), 1 left on base; Springfield 0 - Mt Pleasant 0 |
BOTTOM OF THE 2ND |
Mt Pleasant Bearcats batting - Pitching for Springfield Simpsons : RHP Paul Clark
|
Batting: RHB Jeffrey Hicks
|
0-0: Ball 1-0: Swinging Strike 1-1: Ball 2-1: DOUBLE (Line Drive, 9LM)
|
Batting: RHB Chris Burrell
|
0-0: Foul Ball, location: 2F 0-1: SINGLE (Groundball, 6MD) Jeffrey Hicks to third
|
Batting: RHB Tom Hicks
|
0-0: Foul Ball, location: 2F 0-1: SINGLE (Line Drive, 4MD) Jeffrey Hicks scores Chris Burrell to second
|
Batting: RHB Juan Trujillo
|
0-0: Ball 1-0: Swinging Strike 1-1: Called Strike 1-2: Foul Ball, location: 2F 1-2: Foul Ball, location: 2F 1-2: Ball 2-2: Grounds into double play, 6-4-3 (Groundball, 6) Chris Burrell to third
|
Batting: RHB Nicoli Turina
|
0-0: Swinging Strike 0-1: Swinging Strike 0-2: Ball 1-2: TRIPLE (Flyball, 8RXD) Chris Burrell scores
|
Batting: RHB Martín Pérez
|
0-0: Called Strike 0-1: Foul Ball, location: 2F 0-2: Ball 1-2: Ground out 6-3 (Groundball, 56)
|
Bottom of the 2nd over - 2 run(s), 4 hit(s), 0 error(s), 1 left on base; Springfield 0 - Mt Pleasant 2 |
TOP OF THE 3RD |
Springfield Simpsons batting - Pitching for Mt Pleasant Bearcats : RHP Lewis Sweeney
|
Batting: LHB Simão Polido
|
0-0: Ball 1-0: SINGLE (Flyball, 8LS)
|
Batting: RHB Tomás Galindo
|
0-0: Ball 1-0: Foul Ball, location: 2F 1-1: Swinging Strike 1-2: Strikes out swinging
|
Batting: RHB Bob Carr
|
0-0: Ball 1-0: Foul Ball, location: 2F 1-1: Ball Simão Polido is caught stealing 2nd base 2-1: Ball 3-1: Foul Ball, location: 2F 3-2: Fly out, F8 (Flyball, 8LS)
|
Top of the 3rd over - 0 run(s), 1 hit(s), 0 error(s), 0 left on base; Springfield 0 - Mt Pleasant 2 |
BOTTOM OF THE 3RD |
Mt Pleasant Bearcats batting - Pitching for Springfield Simpsons : RHP Paul Clark
|
Batting: RHB Ben Barker
|
0-0: Ball 1-0: Ball 2-0: Ground out 6-3 (Groundball, 6)
|
Batting: RHB Carlos López
|
0-0: Called Strike 0-1: Ball 1-1: SINGLE (Flyball, 9LS)
|
Batting: RHB Pat Fernández
|
0-0: Ball 1-0: Ball 2-0: Swinging Strike 2-1: Ball 3-1: Foul Ball, location: 2F 3-2: Strikes out swinging Throwing error on steal attempt, E2 Carlos López to third
|
Batting: RHB Jeffrey Hicks
|
0-0: Ball 1-0: Ball 2-0: Ball 3-0: Called Strike 3-1: Base on Balls
|
Batting: RHB Chris Burrell
|
0-0: Foul Ball, location: 2F 0-1: Ball 1-1: Foul Ball, location: 2F 1-2: Foul Ball, location: 2F 1-2: Foul Ball, location: 2F 1-2: Strikes out swinging
|
Bottom of the 3rd over - 0 run(s), 1 hit(s), 1 error(s), 2 left on base; Springfield 0 - Mt Pleasant 2 |
TOP OF THE 4TH |
Springfield Simpsons batting - Pitching for Mt Pleasant Bearcats : RHP Lewis Sweeney
|
Batting: LHB Bruce Foster
|
0-0: Ball 1-0: Called Strike 1-1: Ball 2-1: Foul Ball, location: 2F 2-2: Ball 3-2: Foul Ball, location: 2F 3-2: Ground out 1-3 (Groundball, 13)
|
Batting: RHB Marcos Castillo
|
0-0: Called Strike 0-1: SINGLE (Line Drive, 34D)
|
Batting: LHB Mitchell Oglethorpe
|
0-0: Ball 1-0: Called Strike 1-1: Ball 2-1: Ball 3-1: Called Strike 3-2: Foul Ball, location: 2F 3-2: Fly out, F7 (Flyball, 78M)
|
Batting: RHB José Velázquez
|
0-0: Called Strike 0-1: Ball 1-1: Ground out 2-3 (Groundball, 2L)
|
Top of the 4th over - 0 run(s), 1 hit(s), 0 error(s), 1 left on base; Springfield 0 - Mt Pleasant 2 |
BOTTOM OF THE 4TH |
Mt Pleasant Bearcats batting - Pitching for Springfield Simpsons : RHP Paul Clark
|
Batting: RHB Tom Hicks
|
0-0: Ball 1-0: Fly out, F7 (Flyball, 7S)
|
Batting: RHB Juan Trujillo
|
0-0: Ball 1-0: Fly out, F8 (Flyball, 8LM)
|
Batting: RHB Nicoli Turina
|
0-0: Foul Ball, location: 2F 0-1: Ground out 6-3 (Groundball, 6)
|
Bottom of the 4th over - 0 run(s), 0 hit(s), 0 error(s), 0 left on base; Springfield 0 - Mt Pleasant 2 |
TOP OF THE 5TH |
Springfield Simpsons batting - Pitching for Mt Pleasant Bearcats : RHP Lewis Sweeney
|
Batting: RHB Gustavo Rodríguez
|
0-0: Swinging Strike 0-1: Called Strike 0-2: SINGLE (Line Drive, 78S)
|
Batting: RHB Taylor Justice
|
0-0: Ball 1-0: Ball 2-0: Ball 3-0: Base on Balls Gustavo Rodríguez to second
|
Batting: LHB Simão Polido
|
0-0: Fly out, F4 (Line Drive, 4)
|
Batting: RHB Tomás Galindo
|
0-0: SINGLE (Groundball, 56) (infield hit) Gustavo Rodríguez to third Taylor Justice to second
|
Batting: RHB Bob Carr
|
0-0: Ball 1-0: Fly out, F4 (Popup, 4D)
|
Batting: LHB Bruce Foster
|
0-0: Ball 1-0: Ball 2-0: SINGLE (Line Drive, 8LS) Gustavo Rodríguez scores Taylor Justice to third Tomás Galindo to second
|
Batting: RHB Marcos Castillo
|
0-0: Ball 1-0: Ball 2-0: Foul Ball, location: 2F 2-1: Foul Ball, location: 2F 2-2: Ball 3-2: Base on Balls Taylor Justice scores Tomás Galindo to third Bruce Foster to second
|
Batting: LHB Mitchell Oglethorpe
|
0-0: Ball 1-0: Called Strike 1-1: Fly out, F9 (Flyball, 9)
|
Top of the 5th over - 2 run(s), 3 hit(s), 0 error(s), 3 left on base; Springfield 2 - Mt Pleasant 2 |
BOTTOM OF THE 5TH |
Mt Pleasant Bearcats batting - Pitching for Springfield Simpsons : RHP Paul Clark
|
Batting: RHB Martín Pérez
|
0-0: Foul Ball, location: 2F 0-1: Ball 1-1: Ground out 6-3 (Groundball, 6S)
|
Batting: RHB Ben Barker
|
0-0: Swinging Strike 0-1: Foul Ball, location: 2F 0-2: Foul Ball, location: 2F 0-2: Strikes out swinging
|
Batting: RHB Carlos López
|
0-0: Called Strike 0-1: Ground out 5-3 (Groundball, 56S)
|
Bottom of the 5th over - 0 run(s), 0 hit(s), 0 error(s), 0 left on base; Springfield 2 - Mt Pleasant 2 |
TOP OF THE 6TH |
Springfield Simpsons batting - Pitching for Mt Pleasant Bearcats : RHP Lewis Sweeney
|
Batting: RHB José Velázquez
|
0-0: SINGLE (Flyball, 6MD)
|
Batting: RHB Gustavo Rodríguez
|
0-0: Ball 1-0: Called Strike 1-1: Ball 2-1: Ball 3-1: Foul Ball, location: 2F 3-2: SINGLE (Line Drive, 4M) José Velázquez to second
|
Batting: RHB Taylor Justice
|
0-0: Ball 1-0: Ball 2-0: SINGLE (Line Drive, 3D) José Velázquez to third Gustavo Rodríguez to second
|
Batting: LHB Simão Polido
|
0-0: Ball 1-0: Ball 2-0: Grounds into double play, 6-2-3 (Groundball, 6M) Gustavo Rodríguez to third Taylor Justice to second
|
Batting: RHB Tomás Galindo
|
0-0: Called Strike 0-1: Called Strike 0-2: Ground out 5-3 (Groundball, 56)
|
Top of the 6th over - 0 run(s), 3 hit(s), 0 error(s), 2 left on base; Springfield 2 - Mt Pleasant 2 |
BOTTOM OF THE 6TH |
Mt Pleasant Bearcats batting - Pitching for Springfield Simpsons : RHP Paul Clark
|
Batting: RHB Pat Fernández
|
0-0: Fly out, F9 (Flyball, 9S)
|
Batting: RHB Jeffrey Hicks
|
0-0: Called Strike 0-1: Fly out, F6 (Popup, 6D)
|
Batting: RHB Chris Burrell
|
0-0: Ball 1-0: Ball 2-0: Foul Ball, location: 2F 2-1: Called Strike 2-2: Ball 3-2: Base on Balls
|
Batting: RHB Tom Hicks
|
0-0: Foul Ball, location: 2F 0-1: Ground out 5-3 (Groundball, 56S)
|
Bottom of the 6th over - 0 run(s), 0 hit(s), 0 error(s), 1 left on base; Springfield 2 - Mt Pleasant 2 |
TOP OF THE 7TH |
Springfield Simpsons batting - Pitching for Mt Pleasant Bearcats : RHP Lewis Sweeney
|
Pitching: RHP Renaldo Quilh
|
|
Batting: RHB Bob Carr
|
0-0: Ground out 4-3 (Groundball, 4M)
|
Pitching: LHP Bob Quested
|
|
Pinch Hitting: RHB Esteban Salas
|
0-0: Ground out 6-3 (Groundball, 6)
|
Batting: RHB Marcos Castillo
|
0-0: SINGLE (Line Drive, 89S)
|
Pitching: LHP Israel Polanco
|
|
Batting: LHB Mitchell Oglethorpe
|
0-0: Called Strike 0-1: Ball 1-1: Called Strike 1-2: Ball 2-2: Foul Ball, location: 2F 2-2: Foul Ball, location: 2F 2-2: Fielders Choice at 2nd, 4-6 (Groundball, 4)
|
Top of the 7th over - 0 run(s), 1 hit(s), 0 error(s), 0 left on base; Springfield 2 - Mt Pleasant 2 |
BOTTOM OF THE 7TH |
Mt Pleasant Bearcats batting - Pitching for Springfield Simpsons : RHP Paul Clark
|
Now at 3B: Esteban Salas
|
|
Pinch Hitting: LHB Colm Massey
|
0-0: Ball 1-0: Foul Ball, location: 2F 1-1: Ball 2-1: Ball 3-1: Called Strike 3-2: Strikes out swinging
|
Batting: RHB Nicoli Turina
|
0-0: Ball 1-0: Ground out 5-3 (Groundball, 56S)
|
Pinch Hitting: LHB Ramiro Muñóz
|
0-0: Foul Ball, location: 2F 0-1: Called Strike 0-2: Foul Ball, location: 2F 0-2: DOUBLE (Flyball, 78D)
|
Batting: RHB Ben Barker
|
Balk! Ramiro Muñóz to third 0-0: Ball 1-0: Swinging Strike 1-1: Fly out, F7 (Flyball, 7)
|
Bottom of the 7th over - 0 run(s), 1 hit(s), 0 error(s), 1 left on base; Springfield 2 - Mt Pleasant 2 |
TOP OF THE 8TH |
Springfield Simpsons batting - Pitching for Mt Pleasant Bearcats : LHP Israel Polanco
|
Now at 3B: Colm Massey
|
|
Now in CF: Pedro López
|
|
Batting: RHB José Velázquez
|
0-0: Called Strike 0-1: Ball 1-1: Foul Ball, location: 2F 1-2: Ball 2-2: Strikes out looking
|
Batting: RHB Gustavo Rodríguez
|
0-0: Fly out, F8 (Line Drive, 78M)
|
Batting: RHB Taylor Justice
|
0-0: Called Strike 0-1: Fly out, F7 (Flyball, 7)
|
Top of the 8th over - 0 run(s), 0 hit(s), 0 error(s), 0 left on base; Springfield 2 - Mt Pleasant 2 |
BOTTOM OF THE 8TH |
Mt Pleasant Bearcats batting - Pitching for Springfield Simpsons : RHP Paul Clark
|
Pitching: LHP Justin Short
|
|
Batting: RHB Carlos López
|
0-0: Ball 1-0: Fly out, F7 (Flyball, 7LD)
|
Batting: RHB Pat Fernández
|
0-0: Called Strike 0-1: Hit by Pitch
|
Batting: RHB Jeffrey Hicks
|
0-0: Called Strike 0-1: Swinging Strike 0-2: Foul Ball, location: 2F 0-2: Fielders Choice at 2nd, 3-6 (Groundball, 34)
|
Batting: RHB Chris Burrell
|
0-0: Called Strike 0-1: Foul Ball, location: 2F 0-2: Ball 1-2: SINGLE (Line Drive, 8LS) Jeffrey Hicks to second Runner from 2nd tries for 3rd, SAFE, no throw
|
Batting: RHB Tom Hicks
|
0-0: Foul Ball, location: 2F 0-1: Foul Ball, location: 2F 0-2: Ball 1-2: Fly out, F7 (Line Drive, 7S)
|
Bottom of the 8th over - 0 run(s), 1 hit(s), 0 error(s), 2 left on base; Springfield 2 - Mt Pleasant 2 |
TOP OF THE 9TH |
Springfield Simpsons batting - Pitching for Mt Pleasant Bearcats : LHP Israel Polanco
|
Pitching: RHP Bill Sampson
|
|
Pinch Hitting: LHB Raúl Morales
|
0-0: Ball 1-0: Called Strike 1-1: Ball 2-1: Foul Ball, location: 2F 2-2: Fly out, F9 (Flyball, 9LM)
|
Pinch Hitting: LHB Carlos De La Rosa
|
0-0: Ball 1-0: Foul Ball, location: 2F 1-1: Called Strike 1-2: Fly out, F9 (Flyball, 9LSF)
|
Batting: RHB Bob Carr
|
0-0: Ground out 1-3 (Groundball, P)
|
Top of the 9th over - 0 run(s), 0 hit(s), 0 error(s), 0 left on base; Springfield 2 - Mt Pleasant 2 |
BOTTOM OF THE 9TH |
Mt Pleasant Bearcats batting - Pitching for Springfield Simpsons : LHP Justin Short
|
Pitching: RHP Arthur López
|
|
Now in LF: Greg Carpenter
|
|
Now in CF: Carlos De La Rosa
|
|
Batting: LHB Colm Massey
|
0-0: Ball 1-0: Ball 2-0: Fly out, F8 (Flyball, 78XD)
|
Pinch Hitting: RHB Chris Jones
|
0-0: Foul Ball, location: 2F 0-1: Ball 1-1: Ball 2-1: Swinging Strike 2-2: Ground out 4-3 (Groundball, 4)
|
Batting: RHB Pedro López
|
0-0: Called Strike 0-1: Called Strike 0-2: Foul Ball, location: 2F 0-2: Foul Ball, location: 2F 0-2: Foul Ball, location: 2F 0-2: Fly out, F8 (Flyball, 8RS)
|
Bottom of the 9th over - 0 run(s), 0 hit(s), 0 error(s), 0 left on base; Springfield 2 - Mt Pleasant 2 |
TOP OF THE 10TH |
Springfield Simpsons batting - Pitching for Mt Pleasant Bearcats : RHP Bill Sampson
|
Now at C: Chris Jones
|
|
Batting: RHB Esteban Salas
|
0-0: Ball 1-0: Foul Ball, location: 2F 1-1: Ball 2-1: Foul Ball, location: 2F 2-2: DOUBLE (Groundball, 5L)
|
Batting: RHB Marcos Castillo
|
0-0: Ball 1-0: Swinging Strike 1-1: Ball 2-1: Ball 3-1: Base on Balls
|
Batting: LHB Mitchell Oglethorpe
|
0-0: Foul Ball, location: 2F 0-1: Foul Ball, location: 2F 0-2: Ball 1-2: Strikes out swinging
|
Batting: RHB José Velázquez
|
0-0: Called Strike 0-1: Ball 1-1: Ball 2-1: Called Strike 2-2: Ball 3-2: Strikes out swinging
|
Batting: RHB Gustavo Rodríguez
|
0-0: Ball 1-0: Swinging Strike 1-1: Ball 2-1: Ball 3-1: Base on Balls Esteban Salas to third Marcos Castillo to second
|
Batting: RHB Taylor Justice
|
0-0: Called Strike 0-1: Fly out, F7 (Flyball, 78M)
|
Top of the 10th over - 0 run(s), 1 hit(s), 0 error(s), 3 left on base; Springfield 2 - Mt Pleasant 2 |
BOTTOM OF THE 10TH |
Mt Pleasant Bearcats batting - Pitching for Springfield Simpsons : RHP Arthur López
|
Batting: RHB Ben Barker
|
0-0: Foul Ball, location: 2F 0-1: Ball 1-1: Ball 2-1: Fly out, F9 (Flyball, 9)
|
Batting: RHB Carlos López
|
0-0: Called Strike 0-1: Ball 1-1: Ball 2-1: Foul Ball, location: 2F 2-2: Ball 3-2: Ground out 4-3 (Groundball, 4)
|
Batting: RHB Pat Fernández
|
0-0: Ball 1-0: Reached on error, E7 (Flyball, 7)
|
Batting: RHB Jeffrey Hicks
|
0-0: Ball 1-0: Ball 2-0: Called Strike 2-1: Ball 3-1: Base on Balls
|
Pinch Runner at 2nd Yasutoki Kojima:
|
|
Batting: RHB Chris Burrell
|
0-0: Called Strike 0-1: Ball 1-1: Foul Ball, location: 2F 1-2: Ball 2-2: Ball 3-2: Strikes out swinging
|
Bottom of the 10th over - 0 run(s), 0 hit(s), 1 error(s), 2 left on base; Springfield 2 - Mt Pleasant 2 |
TOP OF THE 11TH |
Springfield Simpsons batting - Pitching for Mt Pleasant Bearcats : RHP Bill Sampson
|
Pitching: RHP Sancho Mendoza
|
|
Now at 1B: Yasutoki Kojima
|
|
Pinch Hitting: RHB Gabriel Stout
|
0-0: Called Strike 0-1: DOUBLE (Line Drive, 8RD)
|
Batting: LHB Carlos De La Rosa
|
0-0: Called Strike 0-1: Fly out, F5 (Flyball, 5D)
|
Batting: RHB Bob Carr
|
0-0: Ball 1-0: SINGLE (Groundball, 6M) (infield hit) Gabriel Stout to third
|
Batting: RHB Esteban Salas
|
0-0: Ball 1-0: Ball 2-0: Foul Ball, location: 2F 2-1: Called Strike 2-2: Ball 3-2: Base on Balls Bob Carr to second
|
Batting: RHB Marcos Castillo
|
0-0: Foul Ball, location: 2F 0-1: Ball 1-1: Ball 2-1: Foul Ball, location: 2F 2-2: Ball 3-2: Foul Ball, location: 2F 3-2: Foul Ball, location: 2F 3-2: Base on Balls Gabriel Stout scores Bob Carr to third Esteban Salas to second
|
Batting: LHB Mitchell Oglethorpe
|
0-0: Called Strike 0-1: Ball 1-1: Swinging Strike Passed Ball! Bob Carr scores Esteban Salas to third Marcos Castillo to second 1-2: Ball 2-2: Ball 3-2: Intentional Walk
|
Batting: RHB José Velázquez
|
0-0: Foul Ball, location: 2F 0-1: Ball 1-1: SINGLE (Line Drive, 8LS) Esteban Salas scores Marcos Castillo to third Mitchell Oglethorpe to second Runner from 3rd tries for Home, SAFE, no throw
|
Pitching: RHP Brad White
|
|
Batting: RHB Gustavo Rodríguez
|
0-0: Swinging Strike 0-1: Foul Ball, location: 2F 0-2: Ball 1-2: Ball 2-2: Fly out, F7 (Flyball, 7LM)
|
Batting: RHB Taylor Justice
|
0-0: Ball 1-0: Ball 2-0: Called Strike 2-1: SINGLE (Flyball, 89S) Mitchell Oglethorpe to third José Velázquez to second
|
Batting: RHB Gabriel Stout
|
0-0: Called Strike 0-1: Ball 1-1: Ball 2-1: Fly out, F8 (Line Drive, 8RM)
|
Top of the 11th over - 4 run(s), 4 hit(s), 0 error(s), 3 left on base; Springfield 6 - Mt Pleasant 2 |
BOTTOM OF THE 11TH |
Mt Pleasant Bearcats batting - Pitching for Springfield Simpsons : RHP Arthur López
|
Pitching: RHP David Nanod
|
|
Now in LF: Pedro Cerda
|
|
Batting: RHB Tom Hicks
|
0-0: Ball 1-0: Swinging Strike 1-1: Swinging Strike 1-2: Foul Ball, location: 2F 1-2: Foul Ball, location: 2F 1-2: Ground out 5-3 (Groundball, 56)
|
Batting: LHB Colm Massey
|
0-0: Ball 1-0: SINGLE (Groundball, 34S) (infield hit)
|
Batting: RHB Chris Jones
|
0-0: Foul Ball, location: 2F 0-1: Grounds into double play, 5-4-3 (Groundball, 56)
|
Bottom of the 11th over - 0 run(s), 1 hit(s), 0 error(s), 0 left on base; Springfield 6 - Mt Pleasant 2 |
|